 Dungeon Crawl Stone Soup version 0.16-a0-4108-g6e49b0d (webtiles) character file.

3304 Chiseanne the Skirmisher (level 9, 0/72 HPs)
             Began as a Mummy Monk on Feb 26, 2015.
             Shot with an arrow of frost by a centaur (10 damage)
             ... on level 8 of the Dungeon.
             The game lasted 00:36:24 (10740 turns).

Chiseanne the Skirmisher (Mummy Monk)              Turns: 10740, Time: 00:36:24

Health: 0/72       AC: 15    Str: 18    XL:     9   Next: 70%
Magic:  11/11      EV:  9    Int:  9    God:
Gold:   180        SH: 10    Dex: 16    Spells: 0 memorised, 8 levels left

rFire  x . .     SeeInvis .     a - +6 war axe "Fruast" {drain, Noisy MR++}
rCold  + . .     Clarity  .     t - +1 chain mail
rNeg   + + +     SustAb   .     c - +0 shield
rPois  ∞         Gourm    .     h - +0 helmet
rElec  .         Spirit   .     w - +0 cloak
rCorr  .         Warding  .     (no gloves)
rMut   .         Stasis   .     (no boots)
MR     +++..                    (no amulet)
Stlth  ..........               B - +3 ring of strength
                                e - +3 ring of protection

@: extremely resistant to hostile enchantments, extremely unstealthy
A: no food or potions, fire vulnerability, restore body, cold resistance 1,
negative energy resistance 3, poison resistance, torment resistance, unbreathing
a: no special abilities


You were on level 8 of the Dungeon.
You were not hungry.

You visited 2 branches of the dungeon, and saw 9 of its levels.

You collected 415 gold pieces.
You spent 235 gold pieces at shops.

Inventory:

Hand weapons
 a - the +6 war axe "Fruast" (weapon) {drain, Noisy MR++}
   (You found it on level 5 of the Dungeon)

   A truly terrible weapon, it drains the life of those it strikes.
   It affects your resistance to hostile enchantments.
   It may make noises in combat.
 f - a +0 hand axe of flaming
 g - a cursed -1 flail
 n - the cursed +1 rapier "Eziyr" {elec, +Fly rElec rPois Str-2, unknown}
   (You found it on level 7 of the Dungeon)

   Occasionally, upon striking a foe, it will discharge some electrical energy
   and cause terrible harm.
   It affects your strength (-2).
   It insulates you from electricity.
   It protects you from poison.
   It lets you fly.
   It has a curse placed upon it.
 s - a +2 dagger of venom
 v - a +4 quarterstaff of chaos
 x - a +1 broad axe
 C - the +4 morningstar "Awaropudd" {distort, +Fly, unknown}
   (You found it on level 6 of the Dungeon)

   It warps and distorts space around it.
   Unwielding it can cause banishment or high damage.
   It lets you fly.
Missiles
 b - 128 arrows
 d - 36 poisoned needles
 p - 20 bolts
 q - 91 sling bullets
Armour
 c - a +0 shield (worn)
 h - a +0 helmet (worn)
 t - a +1 chain mail (worn)
 u - a cursed +0 robe
 w - a +0 cloak (worn)
Jewellery
 e - a +3 ring of protection (left hand)
 B - a +3 ring of strength (right hand)
Magical devices
 m - a wand of cold (1)
 y - a wand of draining (8)
 z - a wand of random effects (25)
 D - a wand of random effects (36)
 E - a wand of polymorph (2)
Scrolls
 k - a scroll of teleportation
 l - a scroll of amnesia
 G - a scroll of recharging
Books
 A - a book of Power

   Spells                             Type                      Level
   a - Fulminant Prism                Conjuration/Hexes            4
   b - Iskenderun's Mystic Blast      Conjuration                  4
   c - Venom Bolt                     Conjuration/Poison           5
   d - Bolt of Magma                  Conjuration/Fire/Earth       5
   e - Iron Shot                      Conjuration/Earth            6
   f - Orb of Destruction             Conjuration                  7
   g - Spellforged Servitor           Conjuration/Summoning        7


   Skills:
 * Level 7.4 Fighting
 * Level 3.9 Armour
 * Level 6.6 Dodging
 - Level 1.5 Stealth
 * Level 6.4 Shields
 - Level 3.2 Unarmed Combat
 * Level 1.5 Evocations


You had 8 spell levels left.
You didn't know any spells.

Dungeon Overview and Level Annotations

Branches:
Dungeon (8/15)             Temple (1/1) D:4
   Lair: D:8-11

Altars:
Ashenzari
Cheibriados
Dithmenos
Elyvilon
Fedhas
Kikubaaqudgha
Makhleb
Nemelex Xobeh
Okawaru
Qazlal
Ru
Sif Muna
Trog
Vehumet
Xom
Yredelemnul
The Shining One

Shops:
D:6 =

Annotations:
D:3 exclusion: 2 downstairs


Innate Abilities, Weirdness & Mutations

You do not eat or drink.
Your flesh is vulnerable to fire.
Your flesh is cold resistant.
You are immune to negative energy.
Your system is resistant to poisons.
You are immune to unholy pain and torment.
You can survive without breathing.


Message History

The gnoll is severely wounded.
The gnoll hits you with a halberd. You block the gnoll's attack.
The gnoll hits you but does no damage.
The gnoll sergeant hits you from afar with a spear of piercing!
* * * LOW HITPOINT WARNING * * *
x2 The gnoll hits you but does no damage. x2
A giant gecko comes into view.
A centaur comes into view.
The centaur shouts!
You block the giant gecko's attack.
The centaur wields a shortbow.
The centaur shoots an arrow of frost.
The arrow of frost hits you but does no damage.
The giant gecko bites you but does no damage.
You see here an arrow of frost.
The centaur shoots an arrow of frost.
You block the arrow of frost. The gnoll misses you.
The gnoll sergeant hits you from afar with a spear of piercing!
* * * LOW HITPOINT WARNING * * *
x2 The centaur shoots an arrow of frost.
The arrow of frost hits you!
You die...

##### #.... #.#.# ## .
#.#.# . ... #.#.#####.#
.... ###.#@#.....##
.....##..g.l....c...
#......$g..#.#.#...
#.....g.g..#.#.# #
#....).....#.#.#####.###
###...>............#...
#####........###.#.######
#........#.###.........
#........#.#...........


You could see a gnoll sergeant, a centaur, 3 gnolls and a giant gecko.

Vanquished Creatures
  2 sky beasts (D:8)
  3 orc warriors
  A phantom (D:8)
  2 centaurs
  Duvessa (D:7)
  5 ogres
  9 giant frogs
  A scorpion (D:4)
  Dowan (D:7)
  2 crimson imps
  3 hounds
  A giant frog skeleton (D:8)
  A centaur skeleton (D:4)
  7 orc wizards
  Crazy Yiuf (D:3)
  4 gnoll shamans (D:3)
  2 iguanas
  3 orc priests
  Natasha (twice) (D:5)
  2 worker ants
  A killer bee zombie (D:8)
  Jessica (D:3)
  A hound skeleton (D:4)
  A hound zombie (D:7)
  A mummy (D:4)
  Robin (D:3)
  28 gnolls
  7 adders
  A shadow imp (D:6)
  3 giant mites
  2 worms (D:2)
  2 adder skeletons (D:4)
  5 giant geckos
  30 orcs
  15 bats
  4 giant cockroaches
  11 hobgoblins
  39 jackals
  An ooze (D:2)
  9 giant newts
  17 goblins
  A hobgoblin zombie (D:4)
  16 kobolds
  A kobold zombie (D:4)
  20 rats
271 creatures vanquished.

Notes
Turn   | Place    | Note
--------------------------------------------------------------
     0 | D:1      | Chiseanne, the Mummy Monk, began the quest for the Orb.
     0 | D:1      | Reached XP level 1. HP: 18/18 MP: 1/1
   270 | D:1      | Reached XP level 2. HP: 9/24 MP: 2/2
  1194 | D:2      | Reached XP level 3. HP: 29/29 MP: 3/3
  2104 | D:2      | Reached XP level 4. HP: 4/37 MP: 3/4
  2921 | D:3      | Found a shimmering altar of Xom.
  2931 | D:3      | Reached skill level 4 in Fighting
  3059 | D:4      | Found a staircase to the Ecumenical Temple.
  3066 | D:4      | Reached XP level 5. HP: 20/42 MP: 5/5
  3077 | Temple   | Entered the Ecumenical Temple
  3543 | D:3      | Reached skill level 1 in Shields
  3645 | D:3      | Noticed Robin
  3654 | D:3      | Killed Robin
  3735 | D:3      | Reached XP level 6. HP: 39/49 MP: 6/6
  4284 | D:4      | Noticed an ogre
  4289 | D:4      | Killed an ogre
  4571 | D:3      | Reached skill level 5 in Fighting
  4670 | D:3      | Reached skill level 5 in Dodging
  4670 | D:3      | Reached XP level 7. HP: 37/56 MP: 7/7
  5402 | D:3      | Noticed Jessica
  5420 | D:3      | Killed Jessica
  5635 | D:3      | Noticed an ogre
  6275 | D:3      | Noticed Crazy Yiuf
  6730 | D:4      | Reached XP level 8. HP: 59/63 MP: 8/8
  6777 | D:3      | Killed Crazy Yiuf
  6892 | D:5      | Entered Level 5 of the Dungeon
  7048 | D:5      | Got a crude war axe
  7050 | D:5      | Identified the +6 war axe "Fruast" {drain, Noisy MR++} (You found it on level 5 of the Dungeon)
  7143 | D:5      | Reached skill level 6 in Fighting
  7236 | D:5      | Reached skill level 1 in Armour
  7411 | D:5      | Found an ancient bone altar of Kikubaaqudgha.
  7620 | D:5      | Noticed Natasha
  7634 | D:5      | Killed Natasha
  7706 | D:5      | Noticed Natasha
  7714 | D:5      | Killed Natasha
  8012 | D:6      | Reached skill level 5 in Shields
  8292 | D:6      | Found Tiny's Jewellery Emporium.
  8300 | D:6      | Bought a +3 ring of strength for 235 gold pieces
  8787 | D:6      | Got a transparent morningstar
  9368 | D:7      | Reached XP level 9. HP: 58/71 MP: 6/9
  9479 | D:7      | Got a slimy rapier
  9499 | D:7      | Found a shattered altar of Ashenzari.
  9499 | D:7      | Found a radiant altar of Vehumet.
  9588 | D:7      | Found a bloodstained altar of Trog.
  9866 | D:7      | Noticed Dowan
  9868 | D:7      | Noticed Duvessa
  9879 | D:7      | Killed Duvessa
  9924 | D:7      | Killed Dowan
 10067 | D:7      | Found a glowing golden altar of the Shining One.
 10547 | D:8      | Reached skill level 7 in Fighting
 10636 | D:8      | Reached skill level 1 in Evocations
 10740 | D:8      | Shot with an arrow of frost by a centaur

Action                   |  1- 3 |  4- 6 |  7- 9 || total
-------------------------+-------+-------+-------++-------
Melee: Unarmed           |   203 |    47 |       ||   250
       Trident           |       |    88 |       ||    88
       Dagger            |       |   154 |   437 ||   591
       War axe           |       |       |   181 ||   181
Throw: Throwing net      |       |       |     3 ||     3
       Stone             |       |       |     2 ||     2
       Tomahawk          |       |       |     1 ||     1
Evoke: Wand              |       |       |     1 ||     1
  Use: Scroll            |       |    10 |     7 ||    17
 Stab: Sleeping          |     3 |     1 |     2 ||     6
       Distracted        |     1 |       |     1 ||     2
       Held in net/web   |       |       |     1 ||     1
